Description

A very strong 2-Oracle opening with a followup 12 glaive adept timing hitting at 6:00. Neeb shows us a textbook example in the grand finals of WCS Austin vs Nerchio

More notes to come.

Replay - Neeb v Nerchio: Game 4 - Proxima Station LE

Build Order

Get SALT Encoding   

  12  0:01  Probe (Chrono Boost)  
  13  0:11  Probe (Chrono Boost)  
  14  0:18  Pylon  
  14  0:22  Probe (Chrono Boost)  
  15  0:36  Probe (Chrono Boost)  
  16  0:47  Probe (Chrono Boost)  
  17  0:57  Nexus  
  17  1:08  Gateway  
  17  1:11  Probe (Chrono Boost)  
  18  1:16  Assimilator  
  18  1:21  Probe (Chrono Boost)  
  18  1:24  Assimilator  
  19  1:32  Probe (Chrono Boost)  
  20  1:39  Pylon  
  20  1:42  Probe (Chrono Boost)  
  21  1:53  Probe (Chrono Boost)  
  22  1:55  Cybernetics Core  
  26  2:23  Warp Gate  
  26  2:28  Adept  
  27  2:32  Stargate  
  33  2:55  Adept  
  38  3:10  Oracle  
  39  3:12  Pylon  
  43  3:26  Gateway x2  
  45  3:32  Twilight Council  
  46  3:37  Pylon  
  47  3:45  Oracle  
  48  3:48  Assimilator  
  52  3:56  Pylon  
  52  3:59  Adept  
  52  4:01  Resonating Glaives  
  55  4:29  Phoenix  
  55  4:30  Adept x2  
  62  4:42  Adept  
  66  4:51  Nexus  
  66  4:55  Adept x2  
  72  5:01  Assimilator  
  72  5:08  Adept  
  76  5:15  Adept  
  76  5:18  Robotics Facility  
  86  5:52  Forge  
  96  6:14  Mothership Core (Chrono Boost)  
Spawning Tool Build Advisor. Get it on Overwolf

Analysis

More notes to come.

Go to:

Details

  • Created by: PiG      
  • Published on: May 18, 2017
  • Modified on: May 18, 2017
  • Patch: 3.8.0
Show
View Real Time Build Order
Export as new Build Order

Comments (0)

There are no comments. Be the first!

Create an account to comment!